 Dungeon Crawl Stone Soup version 0.21.1-1-g345015f (webtiles) character file.

231 restless the Ruffian (level 5, -2/53 HPs)
             Began as a Troll Berserker on Mar 31, 2018.
             Was a Priest of Trog.
             Slain by Pikel
             ... wielding a +2 whip of freezing
              (5 damage)
             ... on level 4 of the Dungeon.
             The game lasted 00:10:48 (2925 turns).

restless the Ruffian (Troll Berserker)              Turns: 2925, Time: 00:10:48

Health: -2/53      AC:  8    Str: 26    XL:     5   Next: 72%
Magic:  13/13      EV: 11    Int:  3    God:    Trog [***...]
Gold:   170        SH:  0    Dex:  9    Spells: 4/4 levels left

rFire    + . .     SeeInvis .     - Unarmed
rCold    . . .     Gourm    +   (no shield)
rNeg     . . .     Faith    .   s - +0 robe {rF+}
rPois    .         Spirit   .   (helmet restricted)
rElec    .         Reflect  .   r - +2 cloak
rCorr    .         Harm     .   (gloves unavailable)
MR       .....                  (boots unavailable)
Stlth    ++........             (no amulet)
HPRegen  0.57/turn              i - ring of stealth
MPRegen  0.13/turn              t - ring of magical power

@: no status effects
A: large, unfitting armour, claws 3, fast metabolism 3, gourmand, regeneration
1, shaggy fur 1, tough skin 2
a: Berserk, Trog's Hand, Burn Spellbooks, Renounce Religion


You were on level 4 of the Dungeon.
You worshipped Trog.
Trog was most pleased with you.
You were not hungry.

You visited 1 branch of the dungeon, and saw 4 of its levels.

You collected 170 gold pieces.

Inventory:

Armour
 a - a +0 animal skin
 k - a +0 scale mail
 q - a +0 shield
 r - a +2 cloak (worn)
 s - a +0 robe of fire resistance (worn)
Jewellery
 i - a ring of stealth (left claw)
 t - a ring of magical power (right claw)
Wands
 h - a wand of paralysis (10)
Scrolls
 c - a scroll of fog {unknown}
 f - 3 scrolls of remove curse {unknown}
 g - 3 scrolls of identify {unknown}
 o - a scroll of blinking {unknown}
Potions
 d - a potion of might {unknown}
 e - a potion of haste {unknown}
 j - 2 potions of heal wounds {unknown}
 l - a potion of curing {unknown}
 m - a potion of brilliance {unknown}
 n - 2 potions of berserk rage {unknown}
 p - a potion of cancellation {unknown}
Comestibles
 b - 7 rations


   Skills:
 + Level 3.2 Fighting
 + Level 3.6 Dodging
 + Level 0.1 Stealth
 + Level 4.9 Unarmed Combat


You had 4 spell levels left.
You didn't know any spells.

Dungeon Overview and Level Annotations

Branches:
Dungeon (4/15)
 Temple: D:4-7

Altars:
Ashenzari
Cheibriados
Kikubaaqudgha
Ru
Trog

Annotations:
D:4 Pikel


Innate Abilities, Weirdness & Mutations

You are too large for most types of armour.
You have claws for hands.
Your metabolism is lightning-fast.
You like to eat raw meat.
Your natural rate of healing is unusually fast.
You are covered in fur. (AC +1)
You have very tough skin. (AC +2)


Message History

The slave is almost dead.
Pikel hits you with a whip of freezing! Pikel freezes you. The slave hits you.
The slave hits you but does no damage. The slave barely misses you.
Pikel hits you but does no damage. The slave hits you.
You see here a leather armour.
You claw the slave!
The slave is severely wounded.
The slave hits you. Pikel barely misses you.
The slave hits you but does no damage. The slave hits you.
* * * LOW HITPOINT WARNING * * *
The slave hits you but does no damage.
You claw the slave!
You kill the slave!
That felt strangely unrewarding.
The slave barely misses you. Pikel barely misses you. The slave hits you.
* * * LOW HITPOINT WARNING * * *
The slave hits you.
* * * LOW HITPOINT WARNING * * *
The slave completely misses you. Pikel hits you with a whip of freezing.
You die...

.. .#
####.######
#.........#
#.........#
#...$.....#
#......[.!+
#.....ppK.#
#....%.@p.#
#$........#
#.........##
######.....####
#$...........#
#.###...(.##...
#.....# ..
#.###.....#
#....<....#


You could see Pikel and 3 slaves.

Vanquished Creatures
  A black bear (D:2)
  A slave (D:4)
  An orc wizard (D:3)
  An adder (D:3)
  3 oozes
  2 worms (D:3)
  A leopard gecko (D:1)
  4 orcs (D:3)
  7 bats
  4 giant cockroaches
  8 goblins
  13 hobgoblins
  7 jackals (D:3)
  5 frilled lizards
  10 kobolds
  9 rats
77 creatures vanquished.

Notes
Turn   | Place    | Note
-------+----------+-------------------------------------------
     0 | D:1      | restless the Troll Berserker began the quest for the Orb.
     0 | D:1      | Reached XP level 1. HP: 22/22 MP: 0/0
   209 | D:1      | Reached XP level 2. HP: 27/29 MP: 1/1
  1095 | D:2      | Reached XP level 3. HP: 36/36 MP: 2/2
  1145 | D:2      | Found a sacrificial altar of Ru.
  1149 | D:2      | Found a transporter.
  1177 | D:2      | Found a transporter.
  1181 | D:2      | Reached ** piety under Trog
  1186 | D:2      | Noticed a black bear
  1198 | D:2      | Killed a black bear
  1198 | D:2      | Reached skill level 4 in Unarmed Combat
  1198 | D:2      | Reached XP level 4. HP: 21/45 MP: 3/3
  1402 | D:2      | Reached XP level 5. HP: 53/53 MP: 4/4
  1424 | D:2      | Found an ancient bone altar of Kikubaaqudgha.
  1753 | D:3      | Found a snail-covered altar of Cheibriados.
  2013 | D:3      | Found a bloodstained altar of Trog.
  2226 | D:3      | Found a shattered altar of Ashenzari.
  2617 | D:3      | Reached *** piety under Trog
  2913 | D:4      | Noticed a slave
  2914 | D:4      | Noticed a slave
  2916 | D:4      | Noticed Pikel
  2916 | D:4      | Noticed a slave
  2917 | D:4      | Noticed a slave
  2924 | D:4      | Killed a slave
  2924 | D:4      | HP: 2/53 [slave[Pikel] (5)]
  2925 | D:4      | Slain by Pikel

Skill      XL: |  1  2  3 |
---------------+----------+-----
Fighting       | 3 |  3.2
Dodging        | 3 |  3.6
Unarmed Combat | 4 |  4.9
Stealth        | |  0.1

Action                   |  1- 3 |  4- 6 || total
-------------------------+-------+-------++-------
Melee: Unarmed           |    77 |   113 ||   190
       Punch             |     2 |     3 ||     5
 Stab: Sleeping          |       |     2 ||     2
  Eat: Chunk             |     6 |    16 ||    22
       Ration            |     1 |       ||     1
Armor: Animal skin       |    43 |    36 ||    79
       Robe              |       |    17 ||    17
Dodge: Dodged            |    52 |    73 ||   125
